Cogmind - Beta 12 @@@ ROGUE MODE // 2023.03.31 @ 14:17:15 Player: Rohain Result: Destroyed by X-82 Rainmaker with Heavy Flak Cannon Performance ------------- Evolutions (5) 2500 Regions Visited (14) 2800 Robots Destroyed (134) 670 Value Destroyed (4851) 4851 Prototype IDs (43) 860 Alien Tech Used (0) 0 Bonus (3507) 3507 TOTAL SCORE: 15188 Bonus ------- High Alert Combat Kills 11 Follower Combat Kills 148 Entered DSFs 500 Aligned with FarCom 300 Met Warlord at Base 500 MAIN.C Attacked Warlord 500 Warlord Defense Kills 1548 Cogmind --------- Core Integrity 0/1000 Matter 109/300 Energy 65/100 System Corruption 5% Temperature Hot (227) Movement Treading (163) Location -5/Warlord Parts ------- > --- POWER (2) -------- (None) > --- PROPULSION (5) --- Armored Treads Spiked Medium Treads Spiked Medium Treads > --- UTILITY (7) ------ Experimental Optical Array Encrypted Comm Array > --- WEAPON (3) ------- Vortex Cannon > --- INVENTORY (5) ---- Heavy Beamcaster Guided Plasma Cannon Self-destruct Interrupter (50) Peak State ------------ > --- POWER ------------ Light Antimatter Reactor Improved Quantum Reactor > --- PROPULSION ------- Armored Treads Spiked Medium Treads Spiked Medium Treads Spiked Medium Treads Spiked Medium Treads > --- UTILITY ---------- Experimental Optical Array Encrypted Comm Array Improved Target Analyzer Hardened Medium Armor Plating Layered Medium Armor Plating Makeshift Ablative Armor Makeshift Ablative Armor > --- WEAPON ----------- Helical Railgun Heavy Autocannon > --- INVENTORY -------- Heavy Beamcaster Vortex Cannon Vortex Cannon Guided Plasma Cannon Self-destruct Interrupter [Rating: 106] Favorites ----------- Power Light Angular Momentum Engine Engine Light Angular Momentum Engine Power Core Light Nuclear Core Reactor Light Antimatter Reactor Propulsion Aluminum Leg Treads Spiked Medium Treads Leg Aluminum Leg Hover Unit Backup Propulsion III Utility Improved Heat Sink Device Improved Heat Sink Storage Large Storage Unit Processor Core Analyzer Protection Layered Medium Armor Plating Weapon Precision Beam Rifle Energy Gun Precision Beam Rifle Energy Cannon Advanced Beam Cannon Ballistic Gun Gauss Rifle Ballistic Cannon Heavy Autocannon Launcher Grenade Launcher Build | -11 -10 -10 -9 -9 -9 -8 -8 -7 -6 -6 -5 -5 -5 -5 ------- Run | Jun Mat Min Mat Min Exi Min Mat Fac Fac DSF Fac Upp Upp War Slots Evolved 10 | . . . 2 . . . 2 2 2 . 2 . . . Power 1 | . . . . . . . . . . . 1 . . . Propulsion 3 | . . . 2 . . . . . 1 . . . . . Utility 5 | . . . . . . . 1 2 1 . 1 . . . Weapon 1 | . . . . . . . 1 . . . . . . . Parts Attached 157 | 6 6 4 14 9 2 5 18 21 2 32 6 5 7 20 Power 23 | 1 . 1 2 . . . 2 3 1 6 2 1 1 3 Engine 11 | 1 . 1 2 . . . 1 1 . 2 1 1 1 . Core 8 | . . . . . . . 1 2 1 3 . . . 1 Reactor 4 | . . . . . . . . . . 1 1 . . 2 Propulsion 57 | 2 3 1 8 5 . 2 5 7 1 11 . 2 5 5 Treads 6 | . . . . . . . 1 . . . . . . 5 Leg 51 | 2 3 1 8 5 . 2 4 7 1 11 . 2 5 . Wheel . | . . . . . . . . . . . . . . . Hover . | . . . . . . . . . . . . . . . Flight . | . . . . . . . . . . . . . . . Utility 31 | 1 2 . 1 1 . . 3 5 . 6 3 2 1 6 Device 13 | . 1 . . 1 . . 2 2 . 3 2 2 . . Storage 3 | 1 1 . 1 . . . . . . . . . . . Processor 4 | . . . . . . . . 1 . 1 . . . 2 Hackware . | . . . . . . . . . . . . . . . Protection 11 | . . . . . . . 1 2 . 2 1 . 1 4 Artifact . | . . . . . . . . . . . . . . . Weapon 46 | 2 1 2 3 3 2 3 8 6 . 9 1 . . 6 Energy Gun 18 | . 1 . . 1 1 1 3 5 . 5 1 . . . Energy Cannon 11 | . . . 3 . 1 . 1 . . 2 . . . 4 Ballistic Gun 14 | 2 . 1 . 2 . 1 4 1 . 2 . . . 1 Ballistic Cannon 1 | . . . . . . . . . . . . . . 1 Launcher 2 | . . 1 . . . 1 . . . . . . . . Special Weapon . | . . . . . . . . . . . . . . . Impact Weapon . | . . . . . . . . . . . . . . . Slashing Weapon . | . . . . . . . . . . . . . . . Piercing Weapon . | . . . . . . . . . . . . . . . Special Melee Weapon . | . . . . . . . . . . . . . . . Unidentified Prototypes 10 | . . . 1 . . . 3 1 . . . . . 5 Corrupted Parts 2 | . . . . . . . . 1 . 1 . . . . System Corruption 5 | . . . . . . . . 4 . 1 . . . . Parts Lost 63 | . . 1 . 4 . 1 2 8 . 14 . 3 19 11 Power 8 | . . . . . . . . . . 2 . 1 3 2 Propulsion 27 | . . . . 1 . 1 1 5 . 6 . 1 10 2 Utility 14 | . . . . 1 . . 1 2 . 1 . 1 3 5 Weapon 14 | . . 1 . 2 . . . 1 . 5 . . 3 2 Highest Loss Streak 16 | . . 1 . 2 . 1 1 2 . 7 . 3 16 11 To Critical Strikes 1 | . . . . . . . . . . . . . 1 . Average Slot Usage (%) 93 | . 94 98 99 96 100 99 98 89 93 92 100 99 64 75 Engine 6 | . 14 13 11 11 11 11 3 3 3 1 5 5 4 3 Core 2 | . . . . . . . 5 3 3 3 . . . 3 Reactor 1 | . . . . . . . . . . 1 5 5 2 1 Treads 1 | . . . . . . . . . . . . . . 16 Leg 29 | . 28 28 44 43 44 43 34 27 33 29 29 29 19 . Device 12 | . 8 14 11 8 11 11 11 15 13 12 16 22 18 5 Storage 7 | . 14 14 11 11 11 11 9 7 6 6 5 5 4 . Processor 3 | . . . . . . . . 4 6 12 11 5 5 7 Protection 3 | . . . . . . . 5 1 6 6 5 5 4 13 Energy Gun 11 | . 8 10 . 4 11 11 10 21 20 13 17 17 2 4 Energy Cannon 2 | . . . 19 5 5 6 1 . . . . . . 5 Ballistic Gun 5 | . 19 15 2 12 5 . 13 . . 2 . . . . Naked Turns . | . . . . . . . . . . . . . . . Heaviest Build 110 | 13 21 20 36 36 41 41 50 46 47 56 63 64 60 110 Greatest Support 132 | 20 20 20 46 46 46 53 58 58 50 85 85 85 85 132 Greatest Overweight (x) 14 | . 1 . . . . 1 14 1 . 1 . . 2 2 Average Overweight (x) . | . . . . . . . . . . . . . . . Largest Inventory Capacity 15 | 8 10 10 15 15 15 15 15 15 15 15 15 15 15 5 Average Capacity 13 | 7 8 10 14 15 15 15 15 15 15 15 15 15 14 5 Most Carried 15 | 2 9 10 15 15 15 15 15 15 12 15 15 15 15 5 Average Carried 11 | . 5 8 11 13 15 14 14 12 11 13 13 14 12 4 Final Capacity 15 | 8 10 10 15 15 15 15 15 15 15 15 15 15 5 5 Final Carried 15 | 2 9 9 15 15 15 14 15 12 11 15 15 15 5 3 Class Distribution -------------------- 34% | Scavenger-Mutant 27% | Scavenger-Skirmisher 19% | Scavenger-Gunner 11% | Mutant Dominant Class ---------------- Mutant | -10/Materials Scavenger-Mutant | -10/Mines Scavenger-Mutant | -9/Materials Scavenger-Mutant | -9/Mines Scavenger-Mutant | -9/Exiles Scavenger-Mutant | -8/Mines Scavenger-Skirmisher | -8/Materials Scavenger-Skirmisher | -7/Factory Scavenger-Skirmisher | -6/Factory Scavenger-Mutant | -6/DSF Scavenger-Gunner | -5/Factory Scavenger-Gunner | -5/Upper Caves Scavenger-Mutant | -5/Upper Caves Mutant | -5/Warlord Resources | -11 -10 -10 -9 -9 -9 -8 -8 -7 -6 -6 -5 -5 -5 -5 ----------- Run | Jun Mat Min Mat Min Exi Min Mat Fac Fac DSF Fac Upp Upp War Matter Collected 2616 | 196 222 30 185 110 . 88 567 196 . 343 117 45 . 517 Remotely . | . . . . . . . . . . . . . . . Salvage Created 5451 | . 349 47 574 395 . 233 1009 1108 . 624 199 531 49 333 Parts 245 | . 18 11 35 22 . 15 40 37 . 31 6 16 . 14 Haulers Intercepted 5 | . . . 2 . . . 2 . . . 1 . . . Recyclers Shooed 1 | . . . . . . . . 1 . . . . . . Parts Field Recycled . | . . . . . . . . . . . . . . . Retrieved Matter . | . . . . . . . . . . . . . . . Parts Self-Destructed 28 | . . . . . . . . . . . . 18 10 . Prevented . | . . . . . . . . . . . . . . . Kills | -11 -10 -10 -9 -9 -9 -8 -8 -7 -6 -6 -5 -5 -5 -5 ------- Run | Jun Mat Min Mat Min Exi Min Mat Fac Fac DSF Fac Upp Upp War Combat Hostiles Destroyed 121 | . 7 6 10 16 . 10 17 23 . 10 2 8 1 11 Guns 77 | . 6 4 . 9 . . 16 21 . 10 2 8 1 . Cannons 34 | . . . 10 7 . 5 1 . . . . . . 11 AOE 7 | . . 2 . . . 4 . 1 . . . . . . Classes Destroyed 18 | . 3 . 2 2 . 1 1 2 . 3 . 1 . 3 Worker 1 | . . . . 1 . . . . . . . . . . Builder 1 | . . . . . . 1 . . . . . . . . Tunneler 1 | . . . . . . . . 1 . . . . . . Hauler 5 | . . . 2 . . . 2 . . . 1 . . . Recycler 6 | . 2 . 1 . . . 1 2 . . . . . . Watcher 1 | . . . . . . . 1 . . . . . . . Swarmer 40 | . 3 6 3 8 . 7 3 10 . . . . . . Grunt 55 | . 4 . 3 6 . 3 12 10 . 5 . 7 1 4 Brawler 3 | . . . . . . . . . . . . 1 . 2 Duelist 1 | . . . . . . . . . . . . . . 1 Sentry 8 | . . . 4 . . . 2 2 . . . . . . Specialist 3 | . . . . . . . . . . 2 . . . 1 Hunter 3 | . . . . . . . . . . 2 . . . 1 Programmer 3 | . . . . . . . . 1 . . 2 . . . Heavy 1 | . . . . . . . . . . 1 . . . . Striker 1 | . . . . . . . . . . . . . . 1 Executioner 1 | . . . . . . . . . . . . . . 1 Assembled 2 | . . . . 2 . . . . . . . . . . Best Kill Streak 6 | . 5 3 4 6 . 5 3 4 . 5 2 4 1 6 Combat Bots Only 6 | . 3 3 3 6 . 4 3 4 . 5 2 4 1 6 Max Kills in Single Turn 4 | . 1 2 1 2 . 4 1 1 . 1 1 1 1 1 Gunslinging 1 | . . 1 . . . . . . . . . . . . Exploded 4 | . . 2 . . . 4 . 1 . . . . . . Melee . | . . . . . . . . . . . . . . . Uniques/NPCs Destroyed . | . . . . . . . . . . . . . . . Combat | -11 -10 -10 -9 -9 -9 -8 -8 -7 -6 -6 -5 -5 -5 -5 -------- Run | Jun Mat Min Mat Min Exi Min Mat Fac Fac DSF Fac Upp Upp War Damage Taken 12251 | . 375 213 435 606 . 137 971 1325 . 1814 160 530 2374 3311 Core 1743 | . 106 48 36 84 . 9 54 242 . 161 . 40 621 342 Absorbed by Shields . | . . . . . . . . . . . . . . . Regen/Repaired (Parts) 122 | . . . . . . . . 95 . . . . . 27 Core Remaining (%) 73 | 100 . 38 . . . 67 90 65 . 81 . . . . Volleys Fired 346 | . 29 10 23 51 . 15 59 48 . 44 6 24 6 31 Largest 3 | . 2 2 2 2 . 1 3 3 . 3 3 3 3 3 Hottest 206 | . 85 85 136 136 . 120 183 197 . 206 201 201 201 140 Shots Fired 758 | . 58 16 31 90 . 15 151 139 . 92 18 72 10 66 Gun 626 | . 58 15 . 56 . 1 150 139 . 80 18 72 10 27 Cannon 129 | . . . 31 34 . 12 1 . . 12 . . . 39 Launcher 3 | . . 1 . . . 2 . . . . . . . . Special . | . . . . . . . . . . . . . . . Kinetic 264 | . 40 9 . 38 . . 93 8 . 27 . . . 49 Thermal 456 | . 18 6 28 52 . 13 58 131 . 49 18 72 10 1 Explosive 3 | . . 1 . . . 2 . . . . . . . . Electromagnetic 19 | . . . 3 . . . . . . 16 . . . . Entropic 16 | . . . . . . . . . . . . . . 16 Robot Hit Streak 31 | . 17 3 8 14 . 11 31 27 . 21 14 15 19 8 Robot Miss Streak 9 | . 3 5 3 9 . 2 2 4 . 3 1 4 . 4 Penetration Max 1 | . . . . . . . . . . 1 . . . . Secondary Targets 7 | . 1 1 . . . . 1 . . 2 . 2 . . Max Gunslinging Chain 1 | . 1 1 . . . . 1 . . 1 . 1 . . Shots Hit Robots 525 | . 38 5 20 63 . 8 107 109 . 60 10 51 10 44 Core Hits 271 | . 13 6 13 42 . 14 41 52 . 31 7 29 5 18 Critical Kills 2 | . . . . . . . . . . 2 . . . . Critical Parts Destroyed 2 | . . . . . . . . . . . . . . 2 Critical Strikes 26 | . 1 . . . . . 4 6 . 4 . 1 . 10 Burn 14 | . 1 . . . . . 4 6 . 2 . 1 . . Destroy 4 | . . . . . . . . . . 2 . . . 2 Blast 4 | . . . . . . . . . . . . . . 4 Sunder 4 | . . . . . . . . . . . . . . 4 Melee Attacks . | . . . . . . . . . . . . . . . Impact . | . . . . . . . . . . . . . . . Slashing . | . . . . . . . . . . . . . . . Piercing . | . . . . . . . . . . . . . . . Sneak Attacks . | . . . . . . . . . . . . . . . Combat Hostiles . | . . . . . . . . . . . . . . . Follow-up Attacks . | . . . . . . . . . . . . . . . Damage Inflicted 12685 | . 485 184 440 938 . 625 2090 2134 . 1635 228 957 178 2791 Guns 7988 | . 485 88 . 354 . 16 2050 1966 . 1204 206 957 178 484 Cannons 4162 | . . . 440 573 . 380 31 . . 431 . . . 2307 Explosions 493 | . . 96 . . . 229 . 168 . . . . . . Melee . | . . . . . . . . . . . . . . . Ramming 42 | . . . . 11 . . 9 . . . 22 . . . Kinetic 4153 | . 312 45 . 180 . . 1347 79 . 475 . . . 1715 Thermal 6759 | . 173 43 393 747 . 396 734 1938 . 994 206 957 178 . Explosive 325 | . . 96 . . . 229 . . . . . . . . Electromagnetic 330 | . . . 47 . . . . 117 . 166 . . . . Impact . | . . . . . . . . . . . . . . . Slashing . | . . . . . . . . . . . . . . . Piercing . | . . . . . . . . . . . . . . . Entropic 1076 | . . . . . . . . . . . . . . 1076 Highest Corruption 5 | . . . 1 1 1 1 . 5 . 2 1 1 1 5 Average Corruption 1 | . . . 1 1 1 1 . 1 . 1 1 1 1 3 Corruption Purged . | . . . . . . . . . . . . . . . Corruption Blocked . | . . . . . . . . . . . . . . . Effects 27 | . . . 1 4 1 . . 8 . 1 2 7 3 . Message Errors 9 | . . . . 1 . . . 2 . 1 1 4 . . Matter Fused 5 | . . . . . . . . 3 . . . . 2 . Heat Flow Errors 5 | . . . . 1 . . . 2 . . 1 . 1 . Energy Discharges 2 | . . . . . . . . . . . . 2 . . Parts Fused 1 | . . . 1 . . . . . . . . . . . Data Loss (minor) 3 | . . . . 1 1 . . . . . . 1 . . Data Loss (major) 1 | . . . . 1 . . . . . . . . . . Misfires 1 | . . . . . . . . 1 . . . . . . Overload Shots . | . . . . . . . . . . . . . . . Overflow Damage 130 | . . . . 3 . 17 . . . . . . . 110 Projectiles 130 | . . . . 3 . 17 . . . . . . . 110 Explosions . | . . . . . . . . . . . . . . . Melee . | . . . . . . . . . . . . . . . Knockbacks 6 | . . . . . . . . . . . . . . 6 Impact . | . . . . . . . . . . . . . . . Kinetic 6 | . . . . . . . . . . . . . . 6 Secondary . | . . . . . . . . . . . . . . . Self-Inflicted Damage 109 | . . . . . . 7 . 102 . . . . . . Shots 4 | . . . . . . 1 . 3 . . . . . . Rammed . | . . . . . . . . . . . . . . . Targets Rammed 8 | . . . . 3 . . 2 . . . 3 . . . Kicked 8 | . . . . 3 . . 2 . . . 3 . . . Crushed . | . . . . . . . . . . . . . . . Highest Temperature 422 | . 94 . 117 422 . 347 312 155 . 47 299 339 202 200 Average Temperature 96 | . 39 . 31 99 . 136 84 40 . 13 99 138 55 173 Received Heat Transfer 3171 | . 219 . 165 231 . 63 549 282 . 381 . 240 345 696 Effects 14 | . . . . 1 . 1 6 . . . . 6 . . Shutdowns 2 | . . . . . . . . . . . . 2 . . Energy Bleed 2 | . . . . . . . 1 . . . . 1 . . Interference 9 | . . . . 1 . . 5 . . . . 3 . . Matter Decay 1 | . . . . . . 1 . . . . . . . . Siege Activations . | . . . . . . . . . . . . . . . Robots Corrupted . | . . . . . . . . . . . . . . . Combat Hostiles . | . . . . . . . . . . . . . . . Parts Fried 3 | . . . . . . . . 1 . 1 . . . 1 Impact Corruptions . | . . . . . . . . . . . . . . . Robots Melted 3 | . 1 . . . . 1 . 1 . . . . . . Combat Hostiles 3 | . 1 . . . . 1 . 1 . . . . . . Parts Melted 41 | . 1 . 2 3 . 3 9 15 . 2 1 4 1 . Heat Transferred 15032 | . 518 111 703 1251 . 900 1893 4532 . 2386 370 1998 370 . Parts Sabotaged . | . . . . . . . . . . . . . . . Parts Stolen . | . . . . . . . . . . . . . . . Parts Stripped . | . . . . . . . . . . . . . . . Power Chain Reactions 1 | . . . . . . . . 1 . . . . . . Missiles Intercepted . | . . . . . . . . . . . . . . . Alert | -11 -10 -10 -9 -9 -9 -8 -8 -7 -6 -6 -5 -5 -5 -5 ------- Run | Jun Mat Min Mat Min Exi Min Mat Fac Fac DSF Fac Upp Upp War Peak Influence 412 | . 256 186 412 322 . 234 301 395 123 201 189 . . . Initial 136 | . . 21 72 82 . . 91 136 123 86 105 . . . Average 170 | . 86 102 223 207 . 148 150 234 123 138 113 . . . Maximum Alert Level 2 | . 1 . 2 1 . 1 1 1 . 1 . . . . Low Security (%) 61 | 100 77 100 56 51 . 60 75 22 100 82 100 . . . Level 1 37 | . 22 . 33 48 . 39 24 77 . 17 . . . . Level 2 . | . . . 10 . . . . . . . . . . . Level 3 . | . . . . . . . . . . . . . . . Level 4 . | . . . . . . . . . . . . . . . Level 5 . | . . . . . . . . . . . . . . . High Security . | . . . . . . . . . . . . . . . Max Security . | . . . . . . . . . . . . . . . Sterilizations 1 | . . . . . . . . . . 1 . . . . Squads Dispatched 12 | . . . 1 . . . 2 6 . 2 1 . . . Investigation 2 | . . . 1 . . . . 1 . . . . . . Extermination 3 | . . . . . . . . 2 . . 1 . . . Reinforcement 4 | . . . . . . . 2 . . 2 . . . . Assault . | . . . . . . . . . . . . . . . Garrison 3 | . . . . . . . . 3 . . . . . . Intercept . | . . . . . . . . . . . . . . . Searches Triggered . | . . . . . . . . . . . . . . . Construction Impeded . | . . . . . . . . . . . . . . . Haulers Reinforced . | . . . . . . . . . . . . . . . Active Scanning Responses . | . . . . . . . . . . . . . . . Cargo Convoy Interrupts . | . . . . . . . . . . . . . . . Stealth | -11 -10 -10 -9 -9 -9 -8 -8 -7 -6 -6 -5 -5 -5 -5 --------- Run | Jun Mat Min Mat Min Exi Min Mat Fac Fac DSF Fac Upp Upp War Distress Signals 9 | . 2 . 1 1 . . 2 3 . . . . . . Communications Jammed . | . . . . . . . . . . . . . . . Distress Signals . | . . . . . . . . . . . . . . . Times Spotted 191 | . 9 6 11 18 . 9 23 31 . 12 3 17 24 28 Peak Tracking Total 15 | . 4 3 4 4 . 4 5 6 . 4 1 5 15 12 Tactical Retreats 11 | . 2 . 1 2 . . . . . 1 . . 3 2 Traps | -11 -10 -10 -9 -9 -9 -8 -8 -7 -6 -6 -5 -5 -5 -5 ------- Run | Jun Mat Min Mat Min Exi Min Mat Fac Fac DSF Fac Upp Upp War Traps Triggered 4 | . . . 2 . . . . . . 1 1 . . . Indirectly . | . . . . . . . . . . . . . . . Trap Hack Attempts . | . . . . . . . . . . . . . . . Triggered . | . . . . . . . . . . . . . . . Disarmed . | . . . . . . . . . . . . . . . Reprogrammed . | . . . . . . . . . . . . . . . Reused . | . . . . . . . . . . . . . . . Traps Extracted . | . . . . . . . . . . . . . . . Installed . | . . . . . . . . . . . . . . . Triggered 11 | . . . . . . . . . . . . . . 11 Machines | -11 -10 -10 -9 -9 -9 -8 -8 -7 -6 -6 -5 -5 -5 -5 ---------- Run | Jun Mat Min Mat Min Exi Min Mat Fac Fac DSF Fac Upp Upp War Machines Disabled 8 | . . 2 . . . 1 1 4 . . . . . . Max in Single Turn 4 | . . 1 . . . 1 1 4 . . . . . . Machines Repaired . | . . . . . . . . . . . . . . . Machines Sabotaged . | . . . . . . . . . . . . . . . Overloaded Fab Kills . | . . . . . . . . . . . . . . . Hacking | -11 -10 -10 -9 -9 -9 -8 -8 -7 -6 -6 -5 -5 -5 -5 --------- Run | Jun Mat Min Mat Min Exi Min Mat Fac Fac DSF Fac Upp Upp War Machines Accessed 17 | . 1 . 1 . 1 . 5 2 1 . 3 . . 3 Terminals 10 | . 1 . 1 . . . 5 1 1 . 1 . . . Fabricators 2 | . . . . . . . . . . . 2 . . . Repair Stations 1 | . . . . . . . . 1 . . . . . . Recycling Units . | . . . . . . . . . . . . . . . Scanalyzers . | . . . . . . . . . . . . . . . Garrison Access . | . . . . . . . . . . . . . . . Total Hacks 43 | . 2 . 4 . 1 . 11 6 2 . 9 . . 8 Successful 28 | . 1 . 2 . 1 . 6 3 1 . 6 . . 8 Failed 15 | . 1 . 2 . . . 5 3 1 . 3 . . . Catastrophic 3 | . . . 1 . . . 2 . . . . . . . Database Lockouts . | . . . . . . . . . . . . . . . Manual 20 | . 2 . 4 . 1 . 11 . . . 2 . . . Terminals 25 | . 2 . 4 . . . 11 2 2 . 4 . . . Fabricators 5 | . . . . . . . . . . . 5 . . . Repair Stations 4 | . . . . . . . . 4 . . . . . . Recycling Units . | . . . . . . . . . . . . . . . Scanalyzers . | . . . . . . . . . . . . . . . Garrison Access . | . . . . . . . . . . . . . . . Terminal Hacks 20 | . . . 1 . 1 . 4 1 1 . 4 . . 8 Record 4 | . . . . . . . . . . . 2 . . 2 Robot Analysis 2 | . . . . . . . 2 . . . . . . . Prototype ID Bank 5 | . . . . . . . . . . . . . . 5 Open Door 1 | . . . . . . . . . . . . . . 1 Open DSF 2 | . . . . . . . . 1 1 . . . . . Branch Access Points 3 | . . . 1 . . . 1 . . . 1 . . . Locate Traps 1 | . . . . . . . . . . . 1 . . . Zone Layout 1 | . . . . . . . 1 . . . . . . . EX-Prototype ID Bank 1 | . . . . . 1 . . . . . . . . . Fabricator Hacks 2 | . . . . . . . . . . . 2 . . . Network Status 1 | . . . . . . . . . . . 1 . . . Build 1 | . . . . . . . . . . . 1 . . . Repair Station Hacks 2 | . . . . . . . . 2 . . . . . . Scan Component 1 | . . . . . . . . 1 . . . . . . Repair 1 | . . . . . . . . 1 . . . . . . Recycling Unit Hacks . | . . . . . . . . . . . . . . . Scanalyzer . | . . . . . . . . . . . . . . . Garrison Access Hacks . | . . . . . . . . . . . . . . . Unauthorized Hacks 4 | . 1 . 1 . . . 2 . . . . . . . Terminals 4 | . 1 . 1 . . . 2 . . . . . . . Botnet 4 | . 1 . 1 . . . 2 . . . . . . . Fabricators . | . . . . . . . . . . . . . . . Repair Stations . | . . . . . . . . . . . . . . . Recycling Units . | . . . . . . . . . . . . . . . Scanalyzers . | . . . . . . . . . . . . . . . Garrison Access . | . . . . . . . . . . . . . . . Data Cores Recovered . | . . . . . . . . . . . . . . . Used . | . . . . . . . . . . . . . . . Hacking Detections 9 | . . . 1 . . . 3 2 . . 3 . . . Full Trace Events 1 | . . . . . . . . 1 . . . . . . Feedback Events . | . . . . . . . . . . . . . . . Feedback Blocked . | . . . . . . . . . . . . . . . Robot Schematics Acquired . | . . . . . . . . . . . . . . . Robots Built 2 | . . . . . . . . . . . 2 . . . Authchips . | . . . . . . . . . . . . . . . Time 152 | . . . . . . . . . . . 152 . . . Total Robot Build Rating 10 | . . . . . . . . . . . 10 . . . Part Schematics Acquired . | . . . . . . . . . . . . . . . Parts Built . | . . . . . . . . . . . . . . . Authchips . | . . . . . . . . . . . . . . . Time . | . . . . . . . . . . . . . . . Total Part Build Rating . | . . . . . . . . . . . . . . . Parts Repaired 1 | . . . . . . . . 1 . . . . . . Time 60 | . . . . . . . . 60 . . . . . . Parts Recycled . | . . . . . . . . . . . . . . . Recycled Matter . | . . . . . . . . . . . . . . . Retrieved Matter . | . . . . . . . . . . . . . . . Retrieved Components . | . . . . . . . . . . . . . . . Parts Scanalyzed . | . . . . . . . . . . . . . . . Part Schematics Acquired . | . . . . . . . . . . . . . . . Parts Damaged . | . . . . . . . . . . . . . . . Bothacking | -11 -10 -10 -9 -9 -9 -8 -8 -7 -6 -6 -5 -5 -5 -5 ------------ Run | Jun Mat Min Mat Min Exi Min Mat Fac Fac DSF Fac Upp Upp War Used RIF Installer . | . . . . . . . . . . . . . . . Robots Hacked . | . . . . . . . . . . . . . . . Non-combat . | . . . . . . . . . . . . . . . Combat . | . . . . . . . . . . . . . . . Robot Hacks Applied . | . . . . . . . . . . . . . . . Relay Couplers Released . | . . . . . . . . . . . . . . . Fabnet Peak Effective % . | . . . . . . . . . . . . . . . Robots Rewired . | . . . . . . . . . . . . . . . Allies Hacked . | . . . . . . . . . . . . . . . Hacks Repelled . | . . . . . . . . . . . . . . . Allies | -11 -10 -10 -9 -9 -9 -8 -8 -7 -6 -6 -5 -5 -5 -5 -------- Run | Jun Mat Min Mat Min Exi Min Mat Fac Fac DSF Fac Upp Upp War Total Allies 5 | . . . . 3 . . . . . . 2 . . . Largest Group 3 | . . . . 3 1 1 . . . . 2 2 . . Highest-Rated Group 86 | . . . . 40 16 16 . . . . 86 86 . . Highest-Rated Ally 43 | . . . . 16 16 16 . . . . 43 43 . . Total Orders . | . . . . . . . . . . . . . . . Ally Attacks 25 | . . . . 4 . 2 . . . . . 19 . . Total Damage 735 | . . . . 48 . 29 . . . . . 658 . . Kills 4 | . . . . . . . . . . . . 4 . . Allies Corrupted . | . . . . . . . . . . . . . . . Allies Melted 1 | . . . . . . . . . . . . . . 1 Intel | -11 -10 -10 -9 -9 -9 -8 -8 -7 -6 -6 -5 -5 -5 -5 ------- Run | Jun Mat Min Mat Min Exi Min Mat Fac Fac DSF Fac Upp Upp War Robot Analysis Total 2 | . . . . . . . 2 . . . . . . . Derelict Logs Recovered 3 | . . 2 . . . . . . . . . 1 . . Drone Launches . | . . . . . . . . . . . . . . . Drone Recoveries . | . . . . . . . . . . . . . . . Exploration | -11 -10 -10 -9 -9 -9 -8 -8 -7 -6 -6 -5 -5 -5 -5 ------------- Run | Jun Mat Min Mat Min Exi Min Mat Fac Fac DSF Fac Upp Upp War Turns Passed 7811 | 79 419 175 409 792 289 345 1154 1329 23 479 457 850 217 794 Spaces Moved 4950 | 61 227 119 202 485 238 251 652 684 17 225 389 680 173 547 Core 218 | 6 . . . . . . 3 . . . . . 38 171 Treads 325 | . . . . . . . . . . . . . . 325 Legs 4356 | 55 227 119 202 485 238 251 649 684 17 225 389 680 135 . Wheels . | . . . . . . . . . . . . . . . Hover 51 | . . . . . . . . . . . . . . 51 Flight . | . . . . . . . . . . . . . . . Fastest Speed 50 | 50 120 120 120 120 120 120 120 120 120 97 108 108 50 50 Average Speed 120 | 113 132 120 120 120 120 120 123 138 120 112 108 108 112 119 Slowest Speed 750 | 120 190 120 120 120 120 190 750 190 120 190 108 114 260 257 Overloaded Moves . | . . . . . . . . . . . . . . . Propulsion Burnouts . | . . . . . . . . . . . . . . . Robots Hopped . | . . . . . . . . . . . . . . . Cave-ins Triggered . | . . . . . . . . . . . . . . . Exploration Rate (%) 46 | 4 41 46 24 92 60 73 48 21 1 96 11 77 38 68 Regions Visited 14 Branch Regions 7 Pre-discovered Areas 3 | . . 1 . . . . . . . . . 2 . . Known Exits Taken 4 | . . 1 1 . . . . . 1 . 1 . . . Unknown Exits Taken 9 | 1 1 . . 1 1 1 1 1 . . . 1 1 . Scrap Searched 5 | . . 1 . 2 . 1 . . . . . 1 . . Spaces Dug . | . . . . . . . . . . . . . . . Terrain Destroyed 39 | . . 5 . . . 12 . . . 2 . . . 20 Melee . | . . . . . . . . . . . . . . . Projectile 23 | . . . . . . 1 . . . 2 . . . 20 AOE 16 | . . 5 . . . 11 . . . . . . . . Terrain Rammed . | . . . . . . . . . . . . . . . Walls Destroyed . | . . . . . . . . . . . . . . . Machines Disabled . | . . . . . . . . . . . . . . . Actions | -11 -10 -10 -9 -9 -9 -8 -8 -7 -6 -6 -5 -5 -5 -5 --------- Run | Jun Mat Min Mat Min Exi Min Mat Fac Fac DSF Fac Upp Upp War Total 6166 | 68 288 135 336 612 241 277 886 958 19 371 413 751 189 622 Wait 582 | . 21 . 89 58 . 5 119 196 . 49 7 32 1 5 Move 4936 | 60 226 118 201 484 237 250 651 683 16 224 388 679 172 547 Hop . | . . . . . . . . . . . . . . . Pick Up 56 | 2 4 1 3 3 . . 12 4 . 11 3 6 . 7 Fast Attach 55 | 6 1 . 2 2 2 1 12 3 . 10 . 2 1 13 Attach 50 | . 1 3 3 4 . 1 1 13 1 7 3 2 6 5 Detach 12 | . 1 2 2 1 . . 3 3 . . . . . . Swap 52 | . 4 1 9 3 . 3 5 5 1 15 3 1 . 2 Drop 69 | . 1 . 4 3 2 2 22 3 1 11 . 5 3 12 Fire 346 | . 29 10 23 51 . 15 59 48 . 44 6 24 6 31 Melee . | . . . . . . . . . . . . . . . Ram . | . . . . . . . . . . . . . . . Kick 8 | . . . . 3 . . 2 . . . 3 . . . Crush . | . . . . . . . . . . . . . . . Escape Stasis . | . . . . . . . . . . . . . . . Rewire . | . . . . . . . . . . . . . . . Trap . | . . . . . . . . . . . . . . . Miscellaneous . | . . . . . . . . . . . . . . . Route ------- -11/Junkyard -10/Materials (discovered 2 exits: *Mat / [*Min]) -10/Mines (discovered 2 exits: *Mat x2) -9/Materials (discovered 2 exits: *Min x2) -9/Mines (discovered 3 exits: *Mat x2 / *Exi) -9/Exiles -8/Mines -8/Materials -7/Factory -6/Factory -6/DSF -5/Factory (discovered 4 exits: *Upp x2 / Ext x2) -5/Upper Caves -5/Upper Caves -5/Warlord History --------- Turn | Location | Event 10 | -11/Junkyard | Discovered new exit (range 15) 80 | -11/Junkyard | Entered Materials 248 | -10/Materials | Discovered new exit (range 16) 314 | -10/Materials | Build established: Mutant 355 | -10/Materials | Discovered new exit (range 5) 499 | -10/Materials | Entered Mines 508 | -10/Mines | Core integrity fell below 50% 520 | -10/Mines | Discovered new exit (range 10) 563 | -10/Mines | Identified exit to Materials 635 | -10/Mines | Build established: Scavenger-Mutant 674 | -10/Mines | Entered Materials 674 | -9/Materials | Evolved 2 slots: Propulsion x2 1063 | -9/Materials | Identified exit to Mines 1083 | -9/Materials | Entered Mines 1289 | -9/Mines | Discovered new exit (range 9) 1356 | -9/Mines | Found a hidden stash of uninstalled traps 1370 | -9/Mines | Assisted by bots powering up and referring to "LRC-V3" 1588 | -9/Mines | Excavation squad dispatched 1588 | -9/Mines | A large section of the Mines collapsed 1671 | -9/Mines | Found a damaged Exp. Sensor Array with a note attached 1723 | -9/Mines | Discovered new exit (range 6) 1860 | -9/Mines | Deemed a non-threat by the Exiles lab entrance 1860 | -9/Mines | Discovered new exit (range 5) 1875 | -9/Mines | Entered Exiles 1875 | -9/Exiles | Accompanied by 1 ally 1905 | -9/Exiles | Met 8R-AWN 1926 | -9/Exiles | Met EX-HEX 1959 | -9/Exiles | Met EX-BIN 1974 | -9/Exiles | Aligned with FarCom system 1975 | -9/Exiles | Given EX-Vault access code 2004 | -9/Exiles | Opened EX-Vault 2014 | -9/Exiles | Found Gui. Plasma Cannon 2045 | -9/Exiles | Warned to stay clear of 0b10 Research branches 2088 | -9/Exiles | Met EX-DEC 2151 | -9/Exiles | Discovered new exit (range 14) 2164 | -9/Exiles | Left Exiles lab with Gui. Plasma Cannon 2164 | -9/Exiles | Entered Mines 2164 | -8/Mines | Accompanied by 1 ally 2495 | -8/Mines | Discovered new exit (range 11) 2509 | -8/Mines | Entered Materials 2509 | -8/Materials | Evolved 2 slots: Utility x1, Weapon x1 3071 | -8/Materials | Build established: Scavenger-Skirmisher 3265 | -8/Materials | Discovered new exit (range 6) 3663 | -8/Materials | Entered Factory 3663 | -7/Factory | Evolved 2 slots: Utility x2 3732 | -7/Factory | Identified exit to DSF 4191 | -7/Factory | Repaired Prc. Beam Rifle 4357 | -7/Factory | Garrison activated, responded to threat 4969 | -7/Factory | Discovered new exit (range 15) 4992 | -7/Factory | Entered another Factory area 4992 | -6/Factory | Evolved 2 slots: Propulsion x1, Utility x1 5015 | -6/Factory | Identified exit to DSF 5015 | -6/Factory | Entered DSF 5065 | -6/DSF | Additional patrols routed to DSF 5153 | -6/DSF | Lost 3 parts (1n2w) 5246 | -6/DSF | Lost 4 parts (3n1w) 5418 | -6/DSF | Sterilization system engaged 5435 | -6/DSF | Lost 7 parts (2p2n1u2w) 5438 | -6/DSF | Ambient heat levels rising (+10) 5453 | -6/DSF | Ambient heat levels rising (+10) 5468 | -6/DSF | Ambient heat levels rising (+10) 5468 | -6/DSF | Discovered new exit (range 15) 5483 | -6/DSF | Ambient heat levels rising (+10) 5494 | -6/DSF | Entered Factory 5494 | -5/Factory | Evolved 2 slots: Power x1, Utility x1 5707 | -5/Factory | Discovered new exit (range 15) 5751 | -5/Factory | Identified exit to Upper Caves 5751 | -5/Factory | Identified exit to Extension 5787 | -5/Factory | Build established: Scavenger-Gunner 5805 | -5/Factory | Fabricated X-67 Chaingunner? 5951 | -5/Factory | Entered Upper Caves 5951 | -5/Upper Caves | Accompanied by 2 allies 5957 | -5/Upper Caves | Met a Warlord Commander 5958 | -5/Upper Caves | Learned location of Warlord (-5) 5963 | -5/Upper Caves | Found Encrypted Comm Array 6488 | -5/Upper Caves | Learned location of Armory (-3) 6744 | -5/Upper Caves | Lost 3 parts (1p1n1u) 6794 | -5/Upper Caves | Discovered new exit (range 5) 6801 | -5/Upper Caves | Entered another Upper Caves area 6898 | -5/Upper Caves | Attracted the attention of an 0b10 checkpoint 7002 | -5/Upper Caves | Core integrity fell below 50% 7011 | -5/Upper Caves | Discovered new exit (range 14) 7018 | -5/Upper Caves | Entered Warlord 7027 | -5/Warlord | Lost 16 parts (3p10n3u) 7036 | -5/Warlord | System corruption cleaned by Quarantine Array 7105 | -5/Warlord | Met Warlord 7118 | -5/Warlord | Warlord's base attacked by MAIN.C 7265 | -5/Warlord | Found Prototype Energy Cannon 7265 | -5/Warlord | Identified Vortex Cannon 7268 | -5/Warlord | Found Vortex Cannon 7468 | -5/Warlord | Warlord forces counterattacked 7620 | -5/Warlord | Spotted Striker 7655 | -5/Warlord | Found Prototype Ballistic Cannon 7655 | -5/Warlord | Identified Hvy. Autocannon 7699 | -5/Warlord | Spotted Striker 7703 | -5/Warlord | Destroyed Striker 7757 | -5/Warlord | Spotted Executioner 7775 | -5/Warlord | Core integrity fell below 20% 7791 | -5/Warlord | Destroyed Executioner 7793 | -5/Warlord | Warlord base infiltrated, sounded retreat 7812 | -5/Warlord | Destroyed by X-82 Rainmaker with Heavy Flak Cannon Last Messages --------------- 07798_ B-60 Warrior Unknown Protection ripped off. 07798_ B-74 Champion destroyed. 07798_ Helical Railgun destroyed. 07800_ Hrd. Medium Armor Plating destroyed. 07801_ L-41 Fighter suffers critical hit (Sunder). 07801_ L-41 Fighter Carbon-fiber Leg ripped off. 07803_ L-41 Fighter knocked back. 07803_ Spk. Medium Treads destroyed. 07804_ Destroyed Imp. Deuterium Engine. 07804_ Destroyed Axe. 07804_ L-41 Fighter destroyed. 07806_ Imp. Quantum Reactor destroyed. 07806_ G-50 Soldier knocked back. 07806_ Spk. Medium Treads destroyed. 07808_ ANNOUNCEMENT: MAIN.C reinforcements approaching through caves, arriving soon. 07810_ B-60 Warrior destroyed. 07810_ Vortex Cannon implodes. 07812_ Critical hit (Burn: +37). 07812_ Mak. Ablative Armor destroyed. Map ----- +----------------------------------------------------+ | ?????????????????????????????????????????????? | | ?????????????????????????????????????????????? | | #####????????????????????????????????????????? | | #????????????????????????????????????????? | | #????????????????????????????????????????? | | #????????????????????????????????????????? | | #????????????????????????????????????????? | | #????????????????????????????????????????? | | ##????????????????????????????##??????????? | | #??????????????????????? ???### ??????????? | | #??????????????????????? ??? ???????##?? | | #???????????????????????? ### ?????? #?? | | #?????????????????????#??? ?????? ??? | | #?????#?"????????##??# #???# #????? ??? | | #?????#""??####### ### #???# ????? #?? | | #?????#""#?# # ## # #????# ##??? #?? | | #####?#""#??#= % = #?????# #??? ##? | | ## ###""####!%!=! %[% #??????# ##?? #? | | ""%%% %%===*!!=!##??????# ### #?? | | ""!!%%%*!%&*=%[! #???????# # #??? | | # [""![===%!!%!!= ==######?## #???? | | %%=%%*%%%% %%*]=![%;;!]### % ##??? | | % * !* %%%==%%&=i=%%&=%%*=!*g=%/ ## #??? | | % [ ]%*=!/==%%!! %]=![%*=g[%=g%=*%#### #??? | | ! *!!%%=*|!=%/%*=%==!%%!x=g ##??# #??? | | ""*!%! **%===*!@%[%*;;g ; #?# ##?? | | # ""*%%= %=*%!%[=""## #; ##### #?? | | "" *]![ ]=;#####???" "### # #?? | | ### # #"" # ####???????#% " # #?? | | #?# ###""# # ###?????????? = "## #?? | | #?###?#""#### #??????????? *"" ##?? | | #?????#""???####??????????? ## # #??? | | #?????#??????????????????? ??### ##??? | | #????????????????????????# ????## #???? | | #????????????????????????# #?????# #???? | | #????????????????????????# ??????## ##??? | | #????????????????????????? ??????## #??? | | #????????????????????????? ??????## "??? | | ##?????????????????????????????????# ?? | | ????????????????????????????????????# #? ? | | ????????????????????????????????????# #??? | | ????????????????????????????????????# #??? | | ????????????????????????????????????## ##??? | | ????????????????????????????????????? #???? | | ????????????????????????????????????? ##???? | | ????????????????????????????????????#####????? | | ?????????????????????????????????????????????? | | ?????????????????????????????????????????????? | | ?????????????????????????????????????????????? | | ?????????????????????????????????????????????? | +----------------------------------------------------+ Best States ------------- Heat Dissipation 78 Energy Generation 45 Energy Capacity 420 Matter Stores 300 Matter Capacity 300 Sight Range 23 Terrain Scan Density 10 Armor Coverage 900 Weapon Cycling 15 Evasion (%) 55 Target Analysis 6 Core Analysis 9 Recoil Reduction 5 Particle Charging 15 Item Schematics ----------------- None Robot Schematics ------------------ None Fabricated ------------ X-67 Chaingunner | x2 | -5/Factory | Preloaded Alien Tech Used ----------------- None Achievements -------------- A Powerful Ally? Challenges ------------ None Game ------ Seed FlakSpliceDesublimator Manual? 0 Play Time 01:06:51 Cumulative 26.5 hours Start 2023.03.31 @ 13:07:50 End 2023.03.31 @ 14:17:15 Sessions 1 Manual Loads 0 Difficulty Rogue Special Mode None Game No. 44 Rogue 28 Adventurer 16 Explorer 0 Win Type - Total 1 Types 1/0/0/0/0/0/0/0/0 Lore% 20 Gallery% 36 Achievement% 34 Wizard Run 0 Options --------- ASCII 0 Keyboard 0 Movement Mouse Keybinds 0 Fullscreen 1 Font 18/SmallcapsGlow Map View 76x50 Tactical HUD 1 Map Filters NONE Filters NONE Steam 1 RUN: 0abded38-0771-486e-82ad-4f26344a08ff